AoeStats
← tarepo

Arena

509052590Analyzed
1v1 RM · 5d ago on Sep 25, 2026· 44m 7s· 2 players
Game mode
Random Map
Map size
Tiny (2 player)
Population
200
Speed
Normal
Resources
Standard
Victory
Conquest
Starting age
Dark Age
Ending age
Imperial Age
RankedLock teamsTeams togetherTeam positionsShared explorationLock speedFull tech treeHidden civsTurbo modeCheats
Victory
Defeat
🇨🇭 Spanish · Switzerland
409
+20
🇹🇼 Teutons · Taiwan
493
-29
tarepo
10:55 Feudal Age
15:18 Castle Age
13:52 Double-Bit Axe
14:16 Horse Collar
14:51 Gold Mining
20:50 Heavy Plow
20:28 Pikeman
21:35 Stone Mining
22:58 Bow Saw
31:41 Imperial Age
28:59 Loom
29:02 Town Watch
29:56 Wheelbarrow
29:59 Bloodlines
29:10 Light Cavalry
31:01 Fortified Wall
30:47 Murder Holes
31:03 Masonry
31:31 Hand Cart
31:23 Town Patrol
31:51 Husbandry
32:50 Scale Barding Armor
32:56 Forging
32:47 Scale Mail Armor
33:40 Conscription
34:26 Chemistry
34:59 Stone Shaft Mining
35:28 Two-Man Saw
34:52 Chain Barding Armor
35:08 Iron Casting
34:36 Padded Archer Armor
35:36 Cavalier
35:42 Onager
37:17 Elite Skirmisher
37:28 Paladin
39:10 Plate Barding Armor
40:08 Blast Furnace
39:24 Leather Archer Armor
39:00 Fletching
davidchen2390120909
11:08 Feudal Age
14:23 Wheelbarrow
14:17 Double-Bit Axe
15:03 Horse Collar
19:21 Gold Mining
21:44 Castle Age
21:18 Scale Mail Armor
22:37 Crossbowman
22:44 Pikeman
24:12 Hand Cart
26:40 Bow Saw
28:23 Town Watch
30:58 Town Patrol
33:21 Fortified Wall
39:55 Imperial Age
41:50 Cavalier
Connection lost

Rejoining the realm…

Still unreachable

The connection could not be restored.

Session expired

The server has moved on; the page needs a fresh start.